 Dungeon Sprint DCSS version 0.28.0-53-g5a82cb258f (webtiles) character file.

Game seed: 4021539266826940387

132 Zeld the Changer (level 5, -7/55 HPs)
             Began as an Octopode Transmuter on June 10, 2022.
             Mangled by an ice beast (10 damage)
             ... in the Dungeon (Sprint IX: "|||||||||||||||||||||||||||||").
             The game lasted 00:00:15 (361 turns).

Zeld the Changer (Octopode Transmuter)               Turns: 361, Time: 00:00:16

Health: -7/55      AC:  1    Str: 11    XL:     5   Next: 15%
Magic:  5/12       EV: 13    Int: 15    God:
Gold:   0          SH:  0    Dex: 13    Spells: 13/14 levels left

rFire   . . .      SeeInvis .     - Unarmed
rCold   . . .      Faith    .   (no shield)
rNeg    . . .      Spirit   .   (helmet currently unavailable)
rPois   .          Reflect  .   (no amulet)
rElec   .          Harm     .   (no ring)
rCorr   .          Rampage  .   (no ring)
Will    .....      NoTele   +   (no ring)
Stlth   ..........              (no ring)
HPRegen 0.18/turn               (no ring)
MPRegen 0.13/turn               (no ring)
                                (no ring)
                                (no ring)

@: berserking (expiring), appendages (expiring), very quick
A: tentacle spike 3, almost no armour, amphibious, 8 rings, camouflage 1,
gelatinous body 1, (nimble swimmer 1), tentacles
a: End Transformation


You were in the Dungeon.
One of your tentacles had grown a beastly spike.
You visited 1 branch

Inventory:

Scrolls
 f - a scroll of blinking
Potions
 b - a potion of heal wounds
 c - a potion of haste
 d - 2 potions of magic


   Skills:
 + Level 4.0 Fighting
 - Level 2.0 Dodging
 + Level 4.9 Unarmed Combat
 * Level 5.4 Spellcasting
 * Level 5.9 Transmutations


You had 13 spell levels left.
You knew the following spells:

 Your Spells              Type           Power      Damage    Failure   Level
a - Beastly Appendage     Tmut           44%        N/A       1%          1

Your spell library contained the following spells:

 Spells                   Type           Power      Damage    Failure   Level
 Wereblood                Tmut           22%        N/A       1%          2
 Spider Form              Tmut/Pois      13%        N/A       14%         3
 Ice Form                 Ice/Tmut       13%        N/A       41%         4


Dungeon Overview and Level Annotations

Branches:
Dungeon (1/1)

Altars:


Innate Abilities, Weirdness & Mutations

One of your tentacles has grown a beastly spike.
You cannot wear most types of armour.
You are amphibious.
You can wear up to eight rings at the same time.
Your skin changes colour to match your surroundings (Stealth+).
Your rubbery body absorbs attacks. (AC +1, EV +1)
((You are camouflaged when in or above water. (Stealth+)))
You have tentacles for arms and can constrict up to eight enemies at once.


Message History

You bludgeon the ogre! Your squeeze misses the ogre.
The ogre is moderately wounded.
The ogre hits you with a +0 giant spiked club!
Unknown command.
You bludgeon the ogre!
The ogre is heavily wounded.
Unknown command.
You bludgeon the ogre! Your squeeze misses the ogre.
The ogre is almost dead.
The ogre barely misses you.
Unknown command.
You bludgeon the ogre!
You kill the ogre!
The bat skeleton hits you.
Your Fighting skill gained 2 levels and is now at level 4!
Your Spellcasting skill increases to level 5!
Your Transmutations skill increases to level 5!
You have reached level 4!
You have reached level 5!
You feel agile.
You bludgeon the bat skeleton!
You destroy the bat skeleton!
The ice beast completely misses you.
There is an open door, spattered with blood here.
Things that are here:
a +0 giant spiked club; a hound corpse; an adder corpse You tentacle-slap the ice beast.
You squeeze the ice beast.
The ice beast is moderately wounded.
You bludgeon the ice beast!
You pierce the ice beast.
The ice beast is severely wounded.
The ice beast hits you. The ice beast freezes you!
* * * LOW HITPOINT WARNING * * *
You tentacle-slap the ice beast.
Your tentacle spike misses the ice beast.
Your squeeze misses the ice beast.
The ice beast is severely wounded.
The ice beast hits you.
* * * LOW HITPOINT WARNING * * *
The ice beast freezes you!
You die... ▓▓▓▓▓▓▓▓▓▓▓▓▓▓▓▓▓▓ +....Y@...).'...<▓ ▓▓▓▓▓▓▓▓▓▓▓▓▓▓▓▓▓▓

You could see an ice beast.

Vanquished Creatures
  An ogre (D)
  A hound (D)
  An adder (D)
  A dart slug (D)
  A bat skeleton (D)
  A goblin (D)
  2 ball pythons (D)
  A rat (D)
9 creatures vanquished.

Notes
Turn   | Place    | Note
-------+----------+-------------------------------------------
     0 | D        | Zeld the Octopode Transmuter began the quest for the Orb.
     0 | D        | Reached XP level 1. HP: 13/13 MP: 3/3
   343 | D        | Noticed an ice beast
   343 | D        | Noticed an ogre
   343 | D        | Noticed a hound
   351 | D        | Reached XP level 2. HP: 19/19 MP: 4/6
   353 | D        | Reached XP level 3. HP: 24/25 MP: 4/8
   356 | D        | Killed an ogre
   357 | D        | Reached skill level 5 in Spellcasting
   357 | D        | Reached skill level 5 in Transmutations
   357 | D        | Reached XP level 4. HP: 17/33 MP: 4/11
   357 | D        | Reached XP level 5. HP: 19/37 MP: 4/12
   361 | D        | Mangled by an ice beast

Illustrated notes

Levels and vault maps discovered:
D:        linesprint [early_d, line_temple, items_1, d_10, items_2, lair_1,
          lair_end, items_3, orc_1, orc_end, items_4, d_15, swamp_1, shoals_1,
          snake_1, spider_1, d_20, vaults_1, items_5, swamp_end, shoals_end,
          snake_end, spider_end, vaults_end, d_27, items_6, zot_1, zot_end,
          crypt_end, forest_end, elf_end, slime_end, tomb_end, abyss_end,
          pan_hell_end]

Skill      XL: |  1  2  3 |
---------------+----------+-----
Fighting       | 2 4 |  4.0
Spellcasting   | 3 4 5 |  5.4
Transmutations | 3 4 5 |  5.9
Unarmed Combat | 4 |  4.9
Dodging        | |  2.0

Action                   |  1- 3 |  4- 6 || total
-------------------------+-------+-------++-------
Melee: Unarmed           |    19 |     4 ||    23
       Constrict         |     3 |       ||     3
       Kick              |     2 |     1 ||     3
       Tentacles         |     1 |     1 ||     2
 Cast: Beastly Appendage |     2 |       ||     2
  Use: Potion            |     2 |       ||     2
 Stab: Sleeping          |     1 |       ||     1
Armor: Skin              |     1 |       ||     1
Dodge: Dodged            |     7 |     1 ||     8
